AoeStats
← mfouad134

MegaRandom

510331262Analyzed
4v4 RM · 17h ago on Sep 30, 2026· 20m 37s· 8 players
Game mode
Random Map
Map size
Large (8 player)
Population
200
Speed
Normal
Resources
Standard
Victory
Conquest
Starting age
Dark Age
Ending age
Imperial Age
RankedLock teamsTeams togetherTeam positionsShared explorationLock speedFull tech treeHidden civsTurbo modeCheats
Victory
Defeat
🇩🇪 Saracens · Germany
719
+16
🇹🇷 Wu · Türkiye
713
+17
🇷🇺 Sicilians · Russia
691
+17
🇪🇬 Inca · Egypt
689
+17
🇨🇳 Persians · China
756
-18
🇨🇳 Turks · China
735
-17
🇨🇳 Chinese · China
725
-17
🇷🇺 Burmese · Russia
679
-15
Erdal Kömürcü
7:31 Loom
10:37 Feudal Age
11:07 Double-Bit Axe
11:03 Horse Collar
16:12 Forging
16:49 Fletching
Zelenij_Zmij
2:59 Loom
9:23 Feudal Age
9:49 Double-Bit Axe
13:12 Wheelbarrow
15:13 Fletching
17:53 Castle Age
16:24 Town Watch
19:47 Scale Mail Armor
Tha_JB
2:46 Loom
14:19 Feudal Age
14:45 Fishing Lines
14:56 Town Watch
15:47 Wheelbarrow
15:13 Double-Bit Axe
16:35 Gold Mining
16:37 Stone Mining
17:13 Horse Collar
mfouad134
13:33 Feudal Age
13:58 Horse Collar
14:07 Double-Bit Axe
15:00 Wheelbarrow
15:01 Loom
15:18 Gold Mining
20:07 Castle Age
17:33 Champi Runner
18:17 Scale Mail Armor
21:05 Bow Saw
20:58 Heavy Plow
20:36 Champi Warrior
21:17 Squires
baiyileng
9:55 Feudal Age
16:26 Castle Age
14:33 Double-Bit Axe
14:43 Horse Collar
1192339610
1:07 Loom
11:36 Feudal Age
16:06 Man-at-Arms
16:32 Arson
Todoroki
11:09 Feudal Age
9:26 Loom
11:14 Feudal Age
12:27 Arson
14:48 Gold Mining
YellowyGnu8986
1:05 Loom
12:13 Feudal Age
13:36 Horse Collar
13:52 Double-Bit Axe
16:41 Castle Age
14:57 Gold Mining
15:57 Wheelbarrow
Connection lost

Rejoining the realm…

Still unreachable

The connection could not be restored.

Session expired

The server has moved on; the page needs a fresh start.